 Dungeon Crawl Stone Soup version 0.25.1-2-g60ff931df9 (webtiles) character file.

Game seed: 1750706378057342833

33239 Curus the Severer (level 13, -1/178 HPs)
             Began as a Minotaur Berserker on Aug 29, 2020.
             Was a High Priest of Trog.
             Shot with an arrow by Nessos (15 damage)
             ... on level 6 of the Lair of Beasts.
             The game lasted 01:18:28 (18168 turns).

Curus the Severer (Minotaur Berserker)             Turns: 18168, Time: 01:18:29

Health: -1/178     AC: 22    Str: 23    XL:     13   Next: 35%
Magic:  12/12      EV:  8    Int: 11    God:    Trog [*****.]
Gold:   816        SH:  5    Dex: 12    Spells: 12/12 levels left

rFire    . . .     SeeInvis +   p - +3 battleaxe (flame)
rCold    . . .     Gourm    .   (shield currently unavailable)
rNeg     + . .     Faith    .   C - +1 plate armour
rPois    .         Spirit   .   (helmet restricted)
rElec    .         Reflect  +   O - +0 cloak
rCorr    .         Harm     .   i - +0 pair of gloves
MR       ++...                  f - +1 pair of boots
Stlth    ..........             n - amulet of reflection
HPRegen  0.39/turn              w - +6 ring of strength
MPRegen  0.13/turn              T - ring of the Princeling {rN+ MR++ Str-5 Int+4 SInv}

@: berserking, lethally poisoned (-1 -> -73), slowed
A: retaliatory headbutt, horns 2
a: Berserk, Trog's Hand, Brothers in Arms, Renounce Religion


You were on level 6 of the Lair of Beasts.
You worshipped Trog.
Trog was extremely pleased with you.
You were very hungry.

You visited 2 branches of the dungeon, and saw 15 of its levels.
You also visited: Sewer.

You collected 1206 gold pieces.
You spent 390 gold pieces at shops.

Inventory:

Hand Weapons
 a - a +0 mace
 j - a +1 flail
 p - a +3 battleaxe of flaming (weapon)
 H - the +10 great mace of the Penguin {flame, rC+}
   (Trog gifted it to you on level 8 of the Dungeon)

   It has been specially enchanted to burn those struck by it, causing extra
   injury to most foes and up to half again as much damage against particularly
   susceptible opponents.
   It protects you from cold.
 Q - a +3 vorpal executioner's axe
 U - a +2 war axe
Armour
 b - a +0 animal skin
 d - a +0 ring mail
 f - a +1 pair of boots (worn)
 g - a +0 chain mail
 i - a +0 pair of gloves (worn)
 l - a +4 chain mail of fire resistance
 C - a +1 plate armour (worn)
 O - a +0 cloak (worn)
Jewellery
 e - an uncursed ring of fire
 h - an uncursed ring of wizardry
 n - an amulet of reflection (around neck)
 r - an uncursed ring of fire
 w - a +6 ring of strength (left hand)
 y - an uncursed ring of protection from cold
 D - an uncursed ring of stealth
 E - an uncursed ring of protection from magic
 J - a +4 ring of protection
 R - an uncursed ring of protection from cold
 T - the ring of the Princeling (right hand) {rN+ MR++ Str-5 Int+4 SInv}
   (You acquired it on level 3 of the Lair of Beasts)

   [ring of positive energy]

   It affects your strength (-5).
   It affects your intelligence (+4).
   It protects you from negative energy.
   It affects your resistance to hostile enchantments.
   It lets you see invisible.
Wands
 s - a wand of acid (14)
 t - a wand of enslavement (17)
 u - a wand of digging (3)
 v - a wand of iceblast (13)
 I - a wand of polymorph (23)
 L - a wand of flame (16)
 M - a wand of paralysis (15)
 S - a wand of clouds (5)
Scrolls
 k - 9 scrolls of identify
 q - 9 scrolls of remove curse
 F - a scroll of teleportation
 G - 6 scrolls of blinking
 N - 3 scrolls of magic mapping
 W - 2 scrolls of random uselessness
 Y - a scroll of noise {unknown}
Potions
 m - 2 potions of flight
 o - 10 potions of curing
 x - a potion of heal wounds
 z - 2 potions of haste
 A - 4 potions of might
 B - 3 potions of mutation
 K - 2 potions of resistance
 V - a potion of cancellation
 X - a potion of magic {unknown}
Comestibles
 c - 26 rations


   Skills:
 + Level 12.8 Fighting
 - Level 17.9(18.5) Axes
 - Level 9.5(14.8) Maces & Flails
 + Level 12.5 Armour
 - Level 2.1 Dodging


You had 12 spell levels left.
You didn't know any spells.
Your spell library was empty.

Dungeon Overview and Level Annotations

Branches:
Dungeon (9/15)             Temple (0/1) D:5            Lair (6/6) D:9
  Swamp (0/4) Lair:4       Spider (0/4) Lair:3        Slime (0/5) Lair:5
  Sewer (visited)
    Orc: D:9-12

Altars:
Dithmenos
Makhleb
Trog
Xom
The Shining One
Jiyva

Shops:
D:6 }   D:7 !

Annotations:
Lair:2 3 runed translucent doors, exclusion: oklob plant, Chimkentus's ghost, journeyman OpAs
Lair:5 1 runed translucent door, exclusion: 2 oklob plants, Naenkaux's ghost, journeyman CeAM
Lair:6 Nessos


Innate Abilities, Weirdness & Mutations

You reflexively headbutt those who attack you in melee.
You have a pair of horns on your head.


Message History

You slash the water moccasin! You burn the water moccasin.
You feel the power of Trog in you as your rage grows.
You kill the water moccasin!
Trog accepts your kill.
You slice the spiny frog!! You burn the spiny frog.
* * * LOW HITPOINT WARNING * * *
You feel very sick. The spiny frog barely misses you.
You slice the spiny frog!! You burn the spiny frog.
You kill the spiny frog!
Trog accepts your kill.
* * * LOW HITPOINT WARNING * * *
You feel very sick.
Nessos shoots an arrow.
The arrow hits you!
* * * LOW HITPOINT WARNING * * *
The arrow burns you!
You are more poisoned.
* * * LOW HITPOINT WARNING * * *
Nessos shoots an arrow.
The arrow hits you!
You die...

##.......#..###
#...........#.. #...
##.......c..P....
#...#
##......P......##....#
#..........P..##....#
.
##......§.#..##...$.#
. #.÷...[......##....#
. ##............††P..#
##.......[...(@(..P#
#..............†###...
...
#.........##.###....
... #....†....###.#
P.... ....
##.............. .....
....
#....................
....
#....................
#
#####....#.#..#......
# ####...#####.. #


You could see Nessos (fast).

Vanquished Creatures
  5 hydras
  2 two-headed ogres (D:9)
  A wolf spider (Lair:6)
  An ugly thing (D:8)
  2 black mambas (Lair:6)
  9 spiny frogs
  A torpor snail (Lair:3)
  Maggie (D:7)
  4 rime drakes
  4 komodo dragons
  A polar bear (Lair:3)
  2 hornets (Lair:6)
  9 blink frogs (Lair:5)
  4 dream sheep (Lair:6)
  10 hippogriffs
  A redback (Lair:6)
  36 yaks
  7 wyverns
  A basilisk (Lair:4)
  Eustachio (D:5)
  A hungry ghost (D:7)
  17 water moccasins
  A swamp drake (Lair:4)
  Duvessa (D:5)
  4 ice beasts
  10 porcupines
  A phantom (D:4)
  3 black bears
  5 sky beasts
  6 orc warriors
  4 ogres
  3 necrophages (D:9)
  6 wolves
  2 centaurs
  8 crocodiles
  2 big kobolds
  16 bullfrogs
  2 wyvern zombies
  A water moccasin zombie (D:8)
  2 gnoll sergeants
  A scorpion (D:7)
  Dowan (D:5)
  5 killer bees
  5 wights (D:9)
  4 howler monkeys
  6 crimson imps
  3 hounds
  A quasit (D:8)
  2 centaur skeletons
  A centaur zombie (D:6)
  4 jellies
  3 orc priests (D:8)
  A bullfrog skeleton (D:7)
  14 orc wizards
  Ijyb (D:5)
  Terence (D:3)
  Jessica (D:2)
  3 iguanas
  5 worker ants
  A hound zombie (D:7)
  A hound skeleton (D:5)
  A howler monkey zombie (D:8)
  A worker ant zombie (D:6)
  3 river rats (D:4)
  21 adders
  3 shadow imps
  3 adder skeletons
  12 worms
  2 dart slugs
  7 leopard geckos
  41 orcs
  10 giant cockroaches
  8 goblins
  6 hobgoblins
  5 jackals
  21 kobolds
  5 quokkas
  2 ball pythons
  10 bats
  15 frilled lizards
  A jackal zombie (D:6)
  A leopard gecko skeleton (D:6)
  A leopard gecko zombie (D:6)
  A quokka skeleton (D:9)
  18 rats
  A fungus (Lair:3)
  3 plants
463 creatures vanquished.

Vanquished Creatures (others)
  12 fungi
  36 plants
48 creatures vanquished.

Grand Total: 511 creatures vanquished

Notes
Turn   | Place    | Note
-------+----------+-------------------------------------------
     0 | D:1      | Curus the Minotaur Berserker began the quest for the Orb.
     0 | D:1      | Reached XP level 1. HP: 19/19 MP: 0/0
   138 | D:1      | Reached XP level 2. HP: 26/26 MP: 1/1
   344 | D:1      | Reached skill level 5 in Maces & Flails
   371 | D:1      | Reached ** piety under Trog
   425 | D:1      | Reached XP level 3. HP: 31/31 MP: 2/2
  1083 | D:2      | Reached XP level 4. HP: 39/39 MP: 3/3
  1304 | D:2      | Noticed Jessica
  1309 | D:2      | Killed Jessica
  1637 | D:2      | You fall into a shaft and drop 1 floor!
  1666 | D:3      | Reached XP level 5. HP: 41/45 MP: 4/4
  1677 | D:3      | Reached *** piety under Trog
  2518 | D:3      | Reached XP level 6. HP: 41/51 MP: 5/5
  2706 | D:3      | Noticed Terence
  2716 | D:3      | Killed Terence
  2738 | D:3      | Found a glowing golden altar of the Shining One.
  3043 | D:4      | Found a glowing drain.
  3050 | Sewer    | Entered a sewer
  3105 | Sewer    | Reached **** piety under Trog
  3706 | D:4      | Reached XP level 7. HP: 57/57 MP: 6/6
  3844 | D:4      | Reached skill level 2 in Axes
  3907 | D:4      | Reached skill level 3 in Axes
  4184 | D:5      | Entered Level 5 of the Dungeon
  4192 | D:5      | Noticed Dowan
  4192 | D:5      | Noticed Duvessa
  4202 | D:5      | Killed Dowan
  4203 | D:5      | Reached skill level 4 in Axes
  4206 | D:5      | Killed Duvessa
  4206 | D:5      | Reached skill level 5 in Axes
  4239 | D:5      | HP: 2/57 [poisoned by Duvessa]
  4246 | D:5      | HP: 2/57 [poisoned by Duvessa]
  4254 | D:5      | HP: 1/57 [poisoned by Duvessa]
  4547 | D:5      | Noticed Ijyb
  4559 | D:5      | Killed Ijyb
  4585 | D:5      | Noticed Eustachio
  4598 | D:5      | Killed Eustachio
  4598 | D:5      | Reached skill level 6 in Axes
  4598 | D:5      | Reached XP level 8. HP: 39/64 MP: 7/7
  4823 | D:5      | Found a shadowy altar of Dithmenos.
  4853 | D:5      | Reached skill level 7 in Axes
  4992 | D:5      | Found a burning altar of Makhleb.
  5085 | D:5      | Found a staircase to the Ecumenical Temple.
  5386 | D:6      | Reached skill level 8 in Axes
  5457 | D:6      | Reached skill level 9 in Axes
  5517 | D:6      | Reached ***** piety under Trog
  5748 | D:6      | Reached skill level 10 in Axes
  5915 | D:6      | Reached XP level 9. HP: 49/70 MP: 8/8
  6180 | D:6      | Reached skill level 11 in Axes
  6445 | D:6      | Found Foturus's Gadget Emporium.
  6710 | D:7      | Found Bycaj's Distillery.
  6713 | D:7      | Bought a potion of haste for 100 gold pieces
  6713 | D:7      | Bought 2 potions of curing for 60 gold pieces
  6713 | D:7      | Bought a potion of curing for 30 gold pieces
  6713 | D:7      | Bought 2 potions of might for 80 gold pieces
  6713 | D:7      | Bought a potion of might for 40 gold pieces
  6713 | D:7      | Bought a potion of mutation for 80 gold pieces
  7040 | D:7      | Reached skill level 12 in Axes
  7135 | D:7      | Noticed Maggie
  7150 | D:7      | Killed Maggie
  7365 | D:7      | Reached skill level 13 in Axes
  7825 | D:8      | Reached skill level 14 in Axes
  7827 | D:8      | Reached XP level 10. HP: 72/77 MP: 9/9
  7998 | D:8      | Found a bloodstained altar of Trog.
  8182 | D:8      | Received a gift from Trog
  8183 | D:8      | Got a translucent great mace {god gift}
  8336 | D:8      | Noticed a cyan ugly thing
  8354 | D:8      | Killed a cyan ugly thing
  8354 | D:8      | Reached skill level 15 in Axes
  9095 | D:9      | Noticed a two-headed ogre
  9104 | D:9      | Killed a two-headed ogre
  9104 | D:9      | Reached skill level 16 in Axes
  9287 | D:9      | Noticed an eight-headed hydra
  9294 | D:9      | Killed a five-headed hydra
  9303 | D:9      | Reached XP level 11. HP: 19/82 MP: 10/10
  9315 | D:9      | Reached skill level 17 in Axes
  9806 | D:9      | Noticed a two-headed ogre
  9816 | D:9      | Killed a two-headed ogre
 10416 | D:9      | Found a staircase to the Lair.
 10432 | D:9      | Identified the +10 great mace of the Penguin {flame, rC+}
                  | (Trog gifted it to you on level 8 of the Dungeon)
 10434 | Lair:1   | Entered Level 1 of the Lair of Beasts
 10627 | Lair:1   | Noticed an eight-headed hydra
 10636 | Lair:1   | Killed a three-headed hydra
 10640 | Lair:1   | Reached skill level 5 in Fighting
 11225 | Lair:1   | Received a gift from Trog
 11474 | Lair:1   | Reached skill level 5 in Armour
 11901 | Lair:1   | Noticed a six-headed hydra
 11906 | Lair:1   | Killed a four-headed hydra
 12448 | Lair:2   | Found a runed translucent gate.
 12448 | Lair:2   | Found a runed translucent gate.
 12448 | Lair:2   | Found a runed translucent gate.
 12493 | Lair:2   | Reached XP level 12. HP: 88/101 MP: 11/11
 12895 | Lair:2   | Noticed Chimkentus's ghost (journeyman OpAs)
 12904 | Lair:2   | Noticed a minotaur
 13748 | Lair:3   | Identified a scroll of acquirement
 13748 | Lair:3   | Acquired the ring of the Princeling {rN+ MR++ Str-5 Int+4
                  | SInv}
 14067 | Lair:3   | Found a hole to the Spider Nest.
 14546 | Lair:4   | Received a gift from Trog
 14752 | Lair:4   | Reached skill level 10 in Fighting
 14892 | Lair:4   | Found a staircase to the Swamp.
 14902 | Lair:4   | Reached skill level 10 in Armour
 16065 | Lair:5   | Noticed a six-headed hydra
 16077 | Lair:5   | Killed a one-headed hydra
 16344 | Lair:5   | Found a runed translucent door.
 16344 | Lair:5   | Found a shimmering altar of Xom.
 16344 | Lair:5   | Noticed Naenkaux's ghost (journeyman CeAM)
 16344 | Lair:5   | Identified the +3 rapier "Dragonslayer" {chaos, SInv}
 16357 | Lair:5   | Reached XP level 13. HP: 117/117 MP: 12/12
 16785 | Lair:5   | Found a viscous altar of Jiyva.
 16785 | Lair:5   | Found a staircase to the Slime Pits.
 17304 | Lair:6   | Entered Level 6 of the Lair of Beasts
 17336 | Lair:6   | Noticed Nessos
 17532 | Lair:6   | Paralysed by a hornet for 1 turns
 18151 | Lair:6   | Paralysed by Nessos for 7 turns
 18168 | Lair:6   | Shot with an arrow by Nessos

Illustrated notes

Levels and vault maps discovered:
D:1:      beargit_arrival_greenhouse, layout_loops_cross
D:2:      layout_basic, nrook_mini_vaults, minmay_misc_feat_nine_boxes,
          uniq_jessica
D:3:      layout_rooms, first_ration, nicolae_tso_swordbearing_angel,
          uniq_terence
D:4:      layout_rooms, lightli_sewer_entry_pipes
D:5:      layout_layer_cave, bloody_makhleb, minmay_temple_entry_nine_rooms,
          grunt_dithmenos_smoke, uniq_eustachio, uniq_duvessa, uniq_ijyb
D:6:      minmay_recursive_quarters, layout_basic, serial_shops, shop
D:7:      layout_gridville, serial_shops, kennysheep_mini, uniq_maggie
D:8:      wad_woods_stonehenge, layout_basic, kennysheep_kite_vault
D:9:      hangedman_cross_cluster, layout_loops_cross,
          hangedman_little_slice_of_home
Lair:1:   layout_hall_layers, grunt_megastairs_4
Lair:2:   layout_roguey, maelrawn_ghost_gauntlet_escape,
          minmay_lair_oklob_chamber
Lair:3:   layout_cave_pods, dummy_spider_entry
Lair:4:   layout_regular_city, minmay_swamp_entry_reptiles
Lair:5:   layout_cellular_growth, slime_altar_1, ebering_ghost_xom,
          minmay_lair_oklob_bushes
Lair:6:   hangedman_lair_tendril_chambers, layout_layer_cave,
          gammafunk_ghost_necromancy, nicolae_lair_yak_garden, uniq_nessos

Skill      XL: |  1  2  3  4  5  6  7  8  9 10 11 12 13 |
---------------+----------------------------------------+-----
Maces & Flails | 4 5 7 8 9 |  9.5
Axes           | 6 10 14 16 17 | 17.9
Fighting       | 7 11 12 | 12.8
Armour         | 7 11 12 | 12.5
Dodging        | |  2.1

Action                   |  1- 3 |  4- 6 |  7- 9 | 10-12 | 13-15 || total
-------------------------+-------+-------+-------+-------+-------++-------
Melee: Mace              |    92 |    56 |       |       |       ||   148
       Headbutt          |    10 |    26 |    56 |   122 |    20 ||   234
       Flail             |       |   161 |       |       |       ||   161
       Battleaxe         |       |     7 |   264 |   531 |    93 ||   895
Invok: Trog's Hand       |       |       |     1 |       |       ||     1
       Berserk           |       |       |     2 |     5 |     1 ||     8
Evoke: Wand              |       |       |       |     5 |       ||     5
  Use: Scroll            |     1 |     4 |     5 |    10 |     1 ||    21
       Potion            |     3 |     5 |     1 |     3 |       ||    12
  Eat: Chunk             |     1 |     9 |    11 |    29 |     5 ||    55
       Ration            |       |       |     2 |     1 |       ||     3
Armor: Ring mail         |     3 |       |       |       |       ||     3
       Animal skin       |     1 |       |       |       |       ||     1
       Chain mail        |    40 |   107 |   160 |    83 |       ||   390
       Plate armour      |       |       |       |   178 |    66 ||   244
       Skin              |       |       |       |     1 |       ||     1
Dodge: Dodged            |    45 |    69 |   106 |   161 |    33 ||   414
Block: Other             |       |    25 |    48 |    99 |    16 ||   188
       Reflection        |       |       |     8 |     3 |       ||    11
